 Dungeon Crawl Stone Soup version 0.29.1-2-gbd0b4ee654 (webtiles) character file.

Game seed: 2781645700903846104

28 Descartes the Caller (level 2, 7/13 HPs)
             Began as a Spriggan Wanderer on Nov 19, 2022.
             Got out of the dungeon alive.
             The game lasted 00:03:11 (1071 turns).

Descartes the Caller (Spriggan Wanderer)            Turns: 1071, Time: 00:03:12

Health: 7/13       AC:  3    Str:  6    XL:     2   Next: 96%
Magic:  5/5        EV: 16    Int: 14    God:
Gold:   70         SH:  0    Dex: 15    Spells: 3/4 levels left

rFire   . . .      SeeInvis +   a - +0 sling
rCold   . . .      Faith    .   (no shield)
rNeg    . . .      Spirit   .   d - +0 robe
rPois   .          Reflect  .   b - +0 hat
rElec   .          Harm     .   h - +0 cloak
rCorr   .          Rampage  .   (gloves unavailable)
Will    .....                   (boots unavailable)
Stlth   ++........              (no amulet)
HPRegen 0.04/turn               (no ring)
MPRegen 0.09/turn               (no ring)

@: very quick
A: very small, no large weapons, unfitting armour, see invisible, speed 3
a: no special abilities


You escaped.
You visited 1 branch of the dungeon, and saw 2 of its levels.

You collected 70 gold pieces.

Inventory:

Hand Weapons
 a - a +0 sling (weapon)
Armour
 b - a +0 hat (worn)
 d - a +0 robe (worn)
 h - a +0 cloak (worn)
Scrolls
 c - a scroll of fear
 e - a scroll of magic mapping {unknown}
 f - a scroll of noise {unknown}
 i - 2 scrolls of identify {unknown}
Potions
 g - a potion of magic {unknown}


   Skills:
 + Level 0.6 Short Blades
 + Level 3.1 Ranged Weapons
 + Level 1.8 Dodging
 + Level 2.0 Stealth
 + Level 1.7 Spellcasting
 + Level 0.3 Conjurations
 + Level 3.3 Summonings
 + Level 0.5 Air Magic
 + Level 1.0 Evocations


You had 3 spell levels left.
You knew the following spells:

 Your Spells              Type           Power      Damage    Failure   Level
a - Summon Small Mammal   Summ           40%        N/A       6%          1

Your spell library contained the following spells:

 Spells                   Type           Power      Damage    Failure   Level
 Summon Lightning Spire   Summ/Air       6%         N/A       73%         4
 Summon Ice Beast         Ice/Summ       5%         N/A       77%         4
 Leda's Liquefaction      Hex/Erth       0%         N/A       94%         4
 Statue Form              Tmut/Erth      0%         N/A       100%        6
 Dragon Form              Tmut           0%         N/A       100%        7
 Malign Gateway           Summ/Tloc      2%         N/A       100%        7
 Summon Horrible Things   Summ           5%         N/A       100%        8


Dungeon Overview and Level Annotations

Branches:
Dungeon (2/15)

Altars:
Vehumet

Shops:
D:1 *


Innate Abilities, Weirdness & Mutations

You are very small and have problems with some larger weapons.
You are too small for most types of armour.
You have supernaturally acute eyesight. (SInv)
You cover ground extremely quickly. (Speed+++)


Message History

You are too injured to fight recklessly!
Unknown command.
A rat comes into view.
An adder comes into view.
The adder hisses angrily.
There is a stone staircase leading up here.
The adder misses you.
You climb upwards.
There is a stone staircase leading down here.
An adder is nearby!
You shoot a sling bullet. The sling bullet misses the adder.
You shoot a sling bullet.
The sling bullet barely misses the adder.
You shoot a sling bullet.
The sling bullet closely misses the adder.
The adder misses you.
You shoot a sling bullet. The sling bullet misses the adder.
The adder barely misses you.
You shoot a sling bullet. The sling bullet hits the adder.
The adder is moderately wounded.
The adder barely misses you. The adder misses you.
You shoot a sling bullet.
The sling bullet barely misses the adder.
The adder bites you. The adder barely misses you.
You are too injured to fight recklessly!
You are too injured to fight recklessly!
Really attack while wielding your +0 sling? [Y]es or [N]o only, please.
Really attack while wielding your +0 sling? [Y]es or [N]o only, please.
Really attack while wielding your +0 sling? [Y]es or [N]o only, please.
Really attack while wielding your +0 sling?
Okay, then.
An adder is nearby!
There is a staircase leading out of the dungeon here.
Are you sure you want to leave the Dungeon?
This will make you lose the game! [Y]es or [N]o only, please.
Are you sure you want to leave the Dungeon?
This will make you lose the game!
You have escaped!

.#.......#........#..#..#........
..)........#.....#......#........
.................#...#...........
...###...##......####............
...##...####...............#.....
.......##.##......S........#.....
..###...##.....##.###............
..# ##........#.....##.....#....#
..####.......##.@.....#....#.....
....##........#.....##.)...#....#
###.##..##.....##.###............
###....##.##................####.
........####...............## #.
#####....##......####...#########
#####.......#....#...#.........#
..........##...#.#.............#
#####.............#..#.#.......##


You could see an adder.

Vanquished Creatures
  A dart slug (D:1)
  6 ball pythons
  4 bats
  2 hobgoblins (D:1)
  3 jackals (D:2)
  A frilled lizard (D:1)
  2 goblins (D:1)
  3 kobolds (D:1)
  3 rats
25 creatures vanquished.

Notes
Turn   | Place    | Note
-------+----------+-------------------------------------------
     0 | D:1      | Descartes the Spriggan Wanderer began the quest for the
                  | Orb.
     0 | D:1      | Descartes set off with the following items: a +0 sling, a
                  | +0 hat, a scroll of fear, a +0 robe; and the following
                  | spell memorised: Summon Small Mammal; and the following
                  | spells available to memorise: Summon Ice Beast, Summon
                  | Lightning Spire.
     0 | D:1      | Reached XP level 1. HP: 9/9 MP: 3/3
    42 | D:1      | Got the Catalogue of Hedonism
   166 | D:1      | Reached XP level 2. HP: 9/13 MP: 3/5
   285 | D:1      | Found a faded altar of an unknown god.
   285 | D:1      | Noticed a Hell Sentinel
   375 | D:1      | Found Jupp's General Store.
   636 | D:2      | Reached skill level 1 in Evocations
   783 | D:2      | Found a radiant altar of Vehumet.
  1071 | D:$      | Got out of the dungeon alive.

Illustrated notes

Levels and vault maps discovered:
D:1:      erik_arrival_blinker_ship, layout_rooms,
          dreamdust_ecumenical_altar_sealed_demon, serial_shops,
          nicolae_shop_stone
D:2:      layout_basic, basic_altar

Skill      XL: |  1  2 |
---------------+-------+-----
Stealth        | 2 |  2.0
Evocations     | 1 |  1.0
Short Blades   | |  0.6
Ranged Weapons | |  3.1
Dodging        | |  1.8
Spellcasting   | |  1.7
Conjurations   | |  0.3
Summonings     | |  3.3
Air Magic      | |  0.5

Action                   || total
-------------------------++-------
 Fire: Sling             ||   103
 Cast: Summon Small Mamm ||     1
Armor: Robe              ||    15
Dodge: Dodged            ||    62
